Map: Orbital Shipyard

Players

PtitDrogo - Winner!

  • Race: Protoss Protoss
  • League: Master

Neeblet (Neeb)

  • Race: Protoss Protoss
  • League: Grandmaster

Event: DreamHack ZOWIE Open Leipzig

VOD

Have the link to the VOD?

Description

Time

  • Played on: Jan. 22, 2016, 1:10 p.m.
  • Length: 7:08

All games in this series

Show
View Real Time Build Order
Export as new Build Order

PtitDrogo Protoss - Winner!

Build Orders: 1 Gate Expand, Dark Templar Rush 

Get SALT Encoding   

  12  0:01  Probe (Chrono Boost)  
  13  0:12  Probe (Chrono Boost)  
  14  0:17  Pylon  
  14  0:22  Probe (Chrono Boost)  
  15  0:36  Probe (Chrono Boost), Gateway  
  15  0:41  Assimilator  
  16  0:46  Probe (Chrono Boost)  
  18  0:57  Probe (Chrono Boost)  
  18  1:07  Probe (Chrono Boost)  
  19  1:17  Nexus  
  19  1:21  Probe (Chrono Boost)  
  20  1:31  Cybernetics Core  
  20  1:34  Probe (Chrono Boost)  
  21  1:41  Assimilator  
  21  1:45  Probe (Chrono Boost)  
  22  1:51  Pylon  
  22  1:55  Probe (Chrono Boost)  
  23  2:08  Warp Gate (Chrono Boost)  
  23  2:09  Probe  
  23  2:10  Adept (Chrono Boost)  
  26  2:20  Twilight Council  
  26  2:22  Probe  
  27  2:31  Probe  
  27  2:33  Adept (Chrono Boost)  
  27  2:34  Probe  
  31  2:41  Probe  
  32  2:45  Assimilator  
  32  2:46  Probe  
  33  2:52  Probe  
  33  2:57  Adept (Chrono Boost)  
  33  2:58  Dark Shrine  
  36  3:05  Probe  
  37  3:07  Probe  
  38  3:13  Pylon  
  38  3:15  Mothership Core  
  38  3:18  Probe  
  41  3:24  Pylon  
  41  3:30  Probe  
  42  3:34  Robotics Facility  
  42  3:35  Probe  
  43  3:41  Pylon  
  43  3:44  Probe  
  43  3:47  Probe  
  45  3:57  Gateway  
  45  3:58  Gateway  
  45  3:59  Probe  
  45  4:01  Probe  
  47  4:10  Dark Templar, Probe  
  47  4:13  Probe  
  47  4:16  Assimilator  
  51  4:20  Probe  
  51  4:23  Observer (Chrono Boost)  
  53  4:25  Probe  
  54  4:32  Probe  
  54  4:33  Nexus  
  55  4:41  Dark Templar  
  55  4:43  Probe  
  55  4:44  Probe  
  59  4:54  Blink (Chrono Boost)  
  59  4:55  Probe  
  59  4:57  Probe  
  58  5:08  Stalker x2  
  58  5:12  Probe  
  61  5:16  Dark Templar, Probe  
  62  5:24  Probe  
  62  5:27  Probe  
  63  5:32  Gateway  
  63  5:34  Gateway  
  64  5:36  Gateway  
  64  5:37  Probe  
  64  5:38  Probe  
  64  5:42  Pylon  
  64  5:49  Probe x2  
  65  5:50  Probe  
  65  5:52  Stalker x3  
  69  5:58  Warp Prism (Chrono Boost)  
  69  6:01  Probe  
  69  6:02  Probe  
  69  6:03  Probe  
  74  6:12  Probe  
  74  6:14  Probe  
  75  6:19  Stalker x3  
  81  6:26  Probe x2  
  81  6:28  Pylon  
  81  6:29  Stalker x2  
  81  6:30  Pylon  
  80  6:43  Probe  
  80  6:46  Probe  
  80  6:47  Stalker x2  
  82  6:53  Probe  
  84  6:58  Stalker  
  81  7:02  Stalker x3  
Show
View Real Time Build Order
Export as new Build Order

Neeblet Protoss 

Build Orders: 1 Gate Expand, Phoenix Opening 

Get SALT Encoding   

  12  0:01  Probe (Chrono Boost)  
  13  0:11  Probe (Chrono Boost)  
  14  0:17  Pylon  
  14  0:22  Probe (Chrono Boost)  
  16  0:35  Probe (Chrono Boost)  
  16  0:36  Gateway  
  16  0:46  Probe (Chrono Boost)  
  17  0:56  Probe (Chrono Boost)  
  18  0:58  Assimilator  
  18  1:07  Probe (Chrono Boost)  
  19  1:18  Nexus  
  19  1:28  Cybernetics Core  
  19  1:31  Probe (Chrono Boost)  
  20  1:36  Assimilator  
  20  1:42  Probe (Chrono Boost)  
  21  1:49  Pylon  
  21  1:52  Probe (Chrono Boost)  
  22  2:02  Probe (Chrono Boost)  
  22  2:04  Warp Gate  
  22  2:07  Adept (Chrono Boost)  
  25  2:14  Probe  
  26  2:26  Probe  
  27  2:31  Probe, Stargate  
  27  2:35  Adept (Chrono Boost)  
  30  2:38  Probe  
  30  2:41  Probe  
  32  2:50  Probe (Chrono Boost)  
  33  2:53  Probe (Chrono Boost)  
  36  2:58  Adept (Chrono Boost)  
  36  3:02  Probe (Chrono Boost)  
  36  3:04  Probe (Chrono Boost)  
  38  3:12  Probe (Chrono Boost)  
  39  3:13  Probe (Chrono Boost), Assimilator  
  39  3:16  Phoenix (Chrono Boost)  
  42  3:21  Pylon  
  42  3:23  Probe  
  42  3:24  Probe  
  42  3:25  Pylon  
  44  3:34  Probe  
  44  3:36  Probe  
  44  3:39  Phoenix (Chrono Boost)  
  48  3:45  Probe, Assimilator  
  48  3:48  Probe  
  50  3:55  Probe  
  50  4:00  Probe  
  50  4:01  Phoenix (Chrono Boost)  
  54  4:06  Probe  
  54  4:09  Nexus  
  55  4:10  Pylon  
  55  4:12  Probe  
  55  4:16  Probe  
  56  4:23  Sentry  
  61  4:24  Probe  
  61  4:29  Oracle (Chrono Boost)  
  61  4:30  Probe  
  61  4:31  Robotics Facility  
  58  4:48  Probe  
  58  4:50  Probe  
  57  4:55  Pylon  
  57  4:59  Probe, Oracle (Chrono Boost)  
  58  5:02  Probe  
  60  5:09  Probe  
  60  5:14  Probe  
  59  5:20  Probe, Observer (Chrono Boost)  
  58  5:26  Probe  
  58  5:30  Probe  
  56  5:38  Probe  
  56  5:39  Observer (Chrono Boost)  
  56  5:40  Probe  
  56  5:41  Probe  
  58  5:50  Probe  
  58  5:51  Probe x2  
  57  6:01  Probe  
  57  6:02  Probe x2  
  64  6:12  Probe, Immortal (Chrono Boost)  
  64  6:13  Probe  
  64  6:14  Probe  
  67  6:20  Void Ray  
  67  6:22  Probe  
  67  6:24  Probe  
  72  6:26  Probe  
  74  6:33  Probe  
  74  6:35  Probe  
  74  6:38  Probe  
  77  6:43  Probe  
  77  6:45  Probe  
  78  6:48  Sentry  
  78  6:52  Gateway  
  78  6:54  Gateway  

Tags
 
Add a new tag
Caveats
  • Supply blocks, unpowered buildings, or Contaminate may cause inaccurate times.
  • Supply counts are checked every 10 seconds.